 Dungeon Crawl Stone Soup version 0.16-a0-1982-g8124c91 (webtiles) character file.

36 RobertPalmer the Insei (level 3, -1/26 HPs)
             Began as a Demonspawn Transmuter on Nov 8, 2014.
             Slain by an adder (4 damage)
             ... on level 2 of the Dungeon.
             The game lasted 00:02:26 (1703 turns).

RobertPalmer the Insei (Demonspawn Transmuter)      Turns: 1703, Time: 00:02:27

Health: -1/26      AC:  2    Str: 10    XL:     3   Next: 19%
Magic:  15/15      EV: 14    Int: 19    God:
Gold:   36         SH:  0    Dex: 14    Spells: 1 memorised, 5 levels left

rFire  . . .     SeeInvis .       - Unarmed
rCold  . . .     Clarity  .     c - +0 robe
rNeg   . . .     SustAb   .     (no shield)
rPois  .         Gourm    .     (no helmet)
rElec  .         Spirit   .     (no cloak)
rCorr  .         Warding  .     (no gloves)
rMut   .         Stasis   .     (no boots)
MR     +....                    (no amulet)
Stlth  +.........               f - ring of protection from magic
                                j - ring of magical power

@: brilliant, lethally poisoned, somewhat resistant to hostile enchantments,
very unstealthy
A: repulsion field 1
a: no special abilities


You were on level 2 of the Dungeon.
You were hungry.

You visited 1 branch of the dungeon, and saw 2 of its levels.

You collected 36 gold pieces.


Innate Abilities, Weirdness & Mutations

You are surrounded by a mild repulsion field (EV +2).


   Skills:
 - Level 1.1 Fighting
 - Level 1.7 Dodging
 + Level 3.6 Unarmed Combat
 - Level 2.1 Spellcasting
 - Level 2.0 Transmutations


You had 5 spell levels left.
You knew the following spells:

 Your Spells              Type           Power        Failure   Level  Hunger
z - Beastly Appendage     Trmt           ###...       1%          1    #......

Inventory:

Missiles
 b - 35 arrows
Armour
 c - a +0 robe (worn)
Jewellery
 f - a ring of protection from magic (right hand)
 j - a ring of magical power (left hand)
Scrolls
 e - 3 scrolls of immolation {unknown}
 g - a scroll of blinking {unknown}
 i - 2 scrolls of identify
 m - a scroll of remove curse {unknown}
 o - a scroll of random uselessness {unknown}
Potions
 n - a potion of restore abilities {unknown}
Books
 d - a book of Changes
Comestibles
 a - a bread ration
 k - a meat ration
 l - a slice of pizza

Dungeon Overview and Level Annotations

Branches:
Dungeon (2/15)

Altars:

#+# #.# #.######
######......
....#.....#.#
#.....S.#.#
#.##.#..@....###
#...............?
...##.#.......###
# ##....#.#
#....#.# #......#
#.###### #####
#.###### ##...##
#.#....#


You could see an adder.


Message History

Unknown command.
You closely miss the adder.
The adder is severely wounded.
* * * LOW HITPOINT WARNING * * *
You feel sick. The adder closely misses you.
You hit the adder.
The adder is severely wounded.
* * * LOW HITPOINT WARNING * * *
You feel sick. The adder closely misses you. The adder bites you.
* * * LOW HITPOINT WARNING * * *
You are more poisoned.
The adder poisons you!
You closely miss the adder.
The adder is severely wounded.
* * * LOW HITPOINT WARNING * * *
You feel sick. The adder barely misses you.
You hit the adder but do no damage.
The adder is severely wounded.
* * * LOW HITPOINT WARNING * * *
You feel sick. The adder misses you.
You closely miss the adder.
The adder is severely wounded.
* * * LOW HITPOINT WARNING * * *
You feel sick. The adder closely misses you.
Drink which item? (? for menu, Esc to quit)
You feel clever all of a sudden.
It was a potion of brilliance.
* * * LOW HITPOINT WARNING * * *
You feel sick. The adder bites you.
You die...

Action                   || total
-------------------------++-------
Melee: Unarmed           ||   138
  Use: Scroll            ||     2
       Potion            ||     1
 Stab: Sleeping          ||     3
  Eat: Chunk             ||     2

Vault maps used:
D:1:      dpeg_arrival_water_temple_mockup, minmay_newt_pond

Notes
Turn   | Place    | Note
--------------------------------------------------------------
     0 | D:1      | RobertPalmer, the Demonspawn Transmuter, began the quest for the Orb.
     0 | D:1      | Reached XP level 1. HP: 15/15 MP: 3/3
   330 | D:1      | Reached skill level 2 in Transmutations
   518 | D:1      | Gained mutation: You are surrounded by a mild repulsion field (EV +2). [demonic ancestry]
   518 | D:1      | Reached XP level 2. HP: 18/21 MP: 4/4
   559 | D:1      | Reached skill level 3 in Unarmed Combat
  1309 | D:2      | Reached XP level 3. HP: 18/26 MP: 6/6
  1703 | D:2      | Slain by an adder

Vanquished Creatures
  4 giant geckos
  3 giant cockroaches
  3 goblins
  A hobgoblin (D:1)
  3 kobolds (D:1)
  2 ball pythons (D:2)
  4 bats
  4 giant newts
  A quokka (D:2)
  9 rats
34 creatures vanquished.
